 Dungeon Crawl Stone Soup version 0.27-a0-828-g8289197e94 (webtiles) character file.

Game seed: 17003819159841460693

11066 kae the Severer (level 11, -7/104 HPs)
             Began as a Hill Orc Fighter on Mar 30, 2021.
             Was a Believer of Qazlal.
             Mangled by a large slime creature (21 damage)
             ... on level 14 of the Dungeon.
             The game lasted 00:07:50 (13428 turns).

kae the Severer (Hill Orc Fighter)                 Turns: 13428, Time: 00:07:50

Health: -7/104     AC: 13    Str: 23    XL:     11   Next: 71%
Magic:  0/17       EV:  9    Int:  8    God:    Qazlal [**....]
Gold:   710        SH:  2    Dex: 10    Spells: 10/10 levels left

rFire    . . .     SeeInvis .   t - +0 battleaxe (venom)
rCold    . . .     Faith    .   (shield currently unavailable)
rNeg     . . .     Spirit   +   b - +1 scale mail
rPois    .         Reflect  .   (no helmet)
rElec    .         Harm     .   f - +0 cloak
rCorr    +         Rampage  .   (no gloves)
Will     .....                  (no boots)
Stlth    ..........             y - amulet of guardian spirit
HPRegen  0.27/turn              r - +4 ring of protection
MPRegen  0.15/turn              e - ring of resist corrosion

@: no status effects
A: no striking features
a: Renounce Religion, Upheaval


You were on level 14 of the Dungeon.
You worshipped Qazlal.
Qazlal was pleased with you.
You visited 2 branches of the dungeon, and saw 13 of its levels.

You collected 710 gold pieces.

Inventory:

Hand Weapons
 a - a +1 war axe of freezing
 t - a +0 battleaxe of venom (weapon)
 v - the +9 lance "Wyrmbane" {slay drac, rPois rF+ rC+ AC+3}
   (You took it off Maggie on level 6 of the Dungeon)

   It affects your AC (+3).
   It protects you from fire.
   It protects you from cold.
   It protects you from poison.
Armour
 b - a +1 scale mail (worn)
 c - a +0 kite shield
 f - a +0 cloak (worn)
Jewellery
 e - a ring of resist corrosion (right hand)
 r - a +4 ring of protection (left hand)
 y - an amulet of guardian spirit (around neck)
Wands
 i - a wand of acid (14)
 p - a wand of flame (32)
 q - a wand of paralysis (17)
Scrolls
 k - 6 scrolls of teleportation
 n - 2 scrolls of fear
 s - 2 scrolls of blinking
 z - 2 scrolls of fog
Potions
 d - 4 potions of magic
 g - 3 potions of heal wounds
 h - 3 potions of degeneration
 j - a potion of ambrosia
 l - 4 potions of attraction
 m - a potion of mutation
 o - a potion of brilliance {unknown}
 u - a potion of invisibility {unknown}
 x - 2 potions of curing


   Skills:
 + Level 12.1 Fighting
 * Level 17.0 Axes
 - Level 3.2 Armour
 - Level 3.2 Shields
 + Level 8.2 Invocations


You had 10 spell levels left.
You didn't know any spells.
Your spell library contained the following spells:

 Spells                   Type           Power      Damage    Failure   Level
 Magic Dart               Conj           0%         1d3       71%         1
 Shock                    Conj/Air       0%         1d3       71%         1
 Blink                    Tloc           N/A        N/A       85%         2
 Call Imp                 Summ           0%         N/A       85%         2
 Poisonous Vapours        Pois/Air       0%         N/A       85%         2
 Slow                     Hex            0%         N/A       85%         2
 Swiftness                Air            0%         N/A       85%         2
 Conjure Flame            Conj/Fire      0%         6-21      97%         3
 Mephitic Cloud           Conj/Pois/Air  0%         N/A       97%         3
 Static Discharge         Conj/Air       0%         N/A       97%         3
 Airstrike                Air            0%         N/A       100%        4
 Lightning Bolt           Conj/Air       0%         1d11      100%        5
 Freezing Cloud           Conj/Ice/Air   0%         6-21      100%        6
 Borgnjor's Revivificati  Necr           0%         N/A       100%        8
 Infestation              Necr           0%         N/A       100%        8
 Necromutation            Tmut/Necr      0%         N/A       100%        8
 Death's Door             Necr           0%         N/A       100%        9


Dungeon Overview and Level Annotations

Branches:
Dungeon (11/15)            Temple (1/1) D:6            Lair (0/6) D:8
 Vaults (0/5) D:14
    Orc: D:9-12

Altars:
Ashenzari
Cheibriados
Dithmenos
Elyvilon
Fedhas
Gozag
Hepliaklqana
Kikubaaqudgha
Makhleb
Nemelex Xobeh
Okawaru
Qazlal
Ru
Sif Muna
Trog
Uskayaw
Vehumet
Wu Jian
Xom
Yredelemnul
Zin
The Shining One

Shops:
D:9 :

Annotations:
D:2 2 transporters
D:4 3 runed translucent doors, Azzok's ghost, novice DjEE; polve's ghost, amateur DrTm


Message History

Qazlal accepts your kill.
Your Axes skill increases to level 17!
Your Invocations skill increases to level 8!
You slash the slime creature!
The slime creature is heavily wounded.
The slime creature hits you.
* * * LOW HITPOINT WARNING * * *
You hit the slime creature.
The slime creature is poisoned.
The slime creature is severely wounded.
The slime creature barely misses you.
The slime creature quivers.
You hit the slime creature but do no damage.
The slime creature looks as sick as possible!
The slime creature is severely wounded.
The slime creature barely misses you.
You slash the slime creature!
The slime creature is almost dead.
The slime creature barely misses you.
You hit the slime creature.
The slime creature is almost dead.
You hit the slime creature but do no damage.
The slime creature looks as sick as possible!
The slime creature is almost dead.
The slime creature hits you.
* * * LOW HITPOINT WARNING * * *
Two slime creatures merge to form a large slime creature.
You hit the large slime creature.
The large slime creature looks as sick as possible!
The large slime creature is heavily wounded.
You barely miss the large slime creature.
The large slime creature is severely wounded.
The large slime creature hits you!
* * * LOW HITPOINT WARNING * * *
You slash the large slime creature!
The large slime creature is severely wounded.
You block the large slime creature's attack.
You barely miss the large slime creature.
The large slime creature is severely wounded.
The large slime creature hits you!!
You die...

# ### ##.## ###
####.####...####.##
..............(...#
##.....##...####.##
##...####.## #.#
##.## ### #># #.#
#.# #.# #.# ##'##
## #@# ##...##
#.##J#####
##.....## #.......#
#......># ##..###.#
.........# ##.##
..........# ##.#
.........#.# #.##
#.......###. #J#
##.....## #.(


You could see a large slime creature (extremely poisoned).

Vanquished Creatures
  A vault guard (D:14)
  A slime creature (D:14)
  2 two-headed ogres
  A cyclops (D:14)
  Maggie (D:6)
  3 kobold demonologists
  A jumping spider (shapeshifter) (D:14)
  2 hornets
  Sigmund (D:4)
  10 yaks
  3 steam dragons
  Edmund (D:4)
  2 water moccasins
  A hornet zombie (D:7)
  2 orc warriors
  An ice beast (D:6)
  3 ogres
  4 centaurs
  2 phantoms
  2 kobold brigands (D:10)
  2 bullfrogs (D:8)
  A scorpion (D:6)
  A water moccasin zombie (D:5)
  13 killer bees
  8 wights
  5 howler monkeys
  4 centaur zombies
  A bullfrog zombie (D:5)
  A jelly (D:6)
  A hound (D:5)
  4 orc priests
  2 centaur skeletons
  2 bullfrog skeletons
  3 iguanas
  6 orc wizards
  2 hound skeletons (D:4)
  4 gnolls (D:7)
  3 adders
  A shadow imp (D:5)
  A white imp (D:5)
  2 worms
  5 dart slugs
  17 orcs
  7 ball pythons
  8 bats
  5 endoplasms
  3 giant cockroaches
  3 hobgoblins
  4 jackals (D:1)
  11 kobolds
  3 quokkas
  4 frilled lizards
  5 goblins
  2 rats
188 creatures vanquished.

Vanquished Creatures (others)
  A killer bee (D:8)
  4 bushes (D:11)
  4 toadstools (D:2)
9 creatures vanquished.

Grand Total: 197 creatures vanquished

Notes
Turn   | Place    | Note
-------+----------+-------------------------------------------
     0 | D:1      | kae the Hill Orc Fighter began the quest for the Orb.
     0 | D:1      | Reached XP level 1. HP: 19/19 MP: 1/1
    45 | D:1      | Reached skill level 3 in Axes
   122 | D:1      | Reached XP level 2. HP: 27/27 MP: 2/2
   558 | D:1      | Reached skill level 4 in Axes
   560 | D:1      | Reached XP level 3. HP: 33/33 MP: 3/3
  1027 | D:2      | You fall into a shaft and drop 1 floor!
  1469 | D:3      | You fall into a shaft and drop 1 floor!
  1527 | D:4      | Noticed Sigmund
  1538 | D:4      | Killed Sigmund
  1539 | D:4      | Reached skill level 5 in Fighting
  1539 | D:4      | Reached skill level 6 in Axes
  1539 | D:4      | Reached XP level 4. HP: 16/42 MP: 4/4
  1539 | D:4      | Reached XP level 5. HP: 18/48 MP: 5/5
  1843 | D:4      | Found a runed translucent gate.
  1843 | D:4      | Found a runed translucent gate.
  1843 | D:4      | Found a runed translucent gate.
  1848 | D:4      | Noticed polve's ghost (amateur DrTm)
  1848 | D:4      | Noticed Azzok's ghost (novice DjEE)
  1876 | D:4      | Reached XP level 6. HP: 56/56 MP: 6/6
  2164 | D:2      | Found a broken altar of Ashenzari.
  2169 | D:2      | Found a transporter.
  2329 | D:2      | Found a transporter.
  2378 | D:2      | Reached skill level 7 in Axes
  2620 | D:2      | Found a snail-covered altar of Cheibriados.
  3367 | D:4      | Noticed Edmund
  3388 | D:4      | Killed Edmund
  3389 | D:4      | Reached skill level 8 in Axes
  3389 | D:4      | Reached XP level 7. HP: 12/63 MP: 7/7
  3726 | D:4      | Found an iron altar of Okawaru.
  4234 | D:5      | Entered Level 5 of the Dungeon
  4601 | D:5      | Reached skill level 9 in Axes
  4886 | D:5      | Reached XP level 8. HP: 73/73 MP: 8/8
  4941 | D:5      | Found a shimmering blue altar of Sif Muna.
  5240 | D:5      | Reached skill level 10 in Axes
  5380 | D:6      | Found a hazy altar of Hepliaklqana.
  5876 | D:6      | Found a staircase to the Ecumenical Temple.
  5887 | D:6      | Reached skill level 11 in Axes
  5893 | Temple   | Entered the Ecumenical Temple
  6112 | Temple   | Became a worshipper of Qazlal Stormbringer
  6303 | D:6      | Noticed Maggie
  6315 | D:6      | Killed Maggie
  6316 | D:6      | Reached skill level 12 in Axes
  6316 | D:6      | Reached XP level 9. HP: 29/82 MP: 9/9
  6846 | D:6      | Found a sparkling altar of Nemelex Xobeh.
  6901 | D:6      | Found a radiant altar of Vehumet.
  6902 | D:6      | Found a blossoming altar of Fedhas.
  7308 | D:7      | Found a basalt altar of Yredelemnul.
  7435 | D:7      | Found a basalt altar of Yredelemnul.
  7926 | D:7      | Found a white marble altar of Elyvilon.
  7973 | D:7      | Noticed a hornet
  7978 | D:7      | Killed a hornet
  7979 | D:7      | Reached skill level 13 in Axes
  7986 | D:7      | Reached * piety under Qazlal
  8276 | D:7      | Reached skill level 1 in Invocations
  8692 | D:8      | Reached skill level 10 in Fighting
  8870 | D:8      | Reached skill level 14 in Axes
  8872 | D:8      | Reached XP level 10. HP: 75/93 MP: 11/11
  9651 | D:8      | Found a shimmering altar of Xom.
  9652 | D:8      | Found a shimmering altar of Xom.
  9655 | D:8      | Found a shimmering altar of Xom.
  9655 | D:8      | Found a shimmering altar of Xom.
  9655 | D:8      | Found a shimmering altar of Xom.
  9660 | D:8      | Found a shimmering altar of Xom.
  9660 | D:8      | Found a shimmering altar of Xom.
  9669 | D:8      | Found a staircase to the Lair.
 10015 | D:9      | Noticed a two-headed ogre
 10031 | D:9      | Killed a two-headed ogre
 10593 | D:9      | Reached skill level 15 in Axes
 10601 | D:9      | Reached skill level 5 in Invocations
 10794 | D:9      | Found Viuzig Cok's Book Boutique.
 11280 | D:10     | Entered Level 10 of the Dungeon
 11588 | D:10     | Noticed a kobold demonologist
 11598 | D:10     | Killed a kobold demonologist
 11600 | D:10     | Noticed a kobold demonologist
 11605 | D:10     | Reached ** piety under Qazlal
 11613 | D:10     | Noticed a smoke demon
 11620 | D:10     | Killed a kobold demonologist
 11621 | D:10     | Reached XP level 11. HP: 60/102 MP: 15/15
 11977 | D:10     | Reached skill level 16 in Axes
 12449 | D:10     | Paralysed by a hornet for 2 turns
 12765 | D:11     | Noticed a two-headed ogre
 12771 | D:11     | Killed a two-headed ogre
 12943 | D:11     | You fall into a shaft and drop 3 floors!
 12956 | D:14     | Noticed a vault guard
 12956 | D:14     | Noticed a vault guard
 12956 | D:14     | Noticed a vault guard
 12957 | D:14     | Found a gate to the Vaults.
 12957 | D:14     | Noticed a vault guard
 12957 | D:14     | Noticed a vault guard
 12958 | D:14     | Noticed a vault guard
 12958 | D:14     | Noticed a vault guard
 12958 | D:14     | Noticed a vault guard
 12961 | D:14     | Noticed a skeletal warrior
 12963 | D:14     | Noticed a death knight
 12964 | D:14     | Noticed a skeletal warrior
 12969 | D:14     | Killed a vault guard
 12973 | D:14     | Found a broken altar of Ashenzari.
 13281 | D:14     | Noticed a cyclops
 13288 | D:14     | Killed a cyclops
 13419 | D:14     | Reached skill level 17 in Axes
 13428 | D:14     | Mangled by a large slime creature

Illustrated notes

Levels and vault maps discovered:
D:1:      noname_arrival_rooms_in_the_neighbourhood, layout_basic, st_stairs_4,
          grunt_decor_mini_mirrors, minmay_unequal
D:2:      cheibrodos_pilgrimage, layout_basic, old_standard_altar,
          gammafunk_temple_overflow_arena, minmay_gold_behind_fungi,
          minmay_indecisive_spiral
D:3:      layout_basic
D:4:      layout_basic, nicolae_overflow_crystal_walls,
          gammafunk_ghost_cemetery, chequers_serial_rivers_micro_c,
          uniq_sigmund, uniq_edmund
D:5:      layout_loops_ring, lemuel_blue_sif_altar, hangedman_decor_points
D:6:      layout_basic, lemuel_doored_altar, minitemple, temple_fountains,
          cheibrodos_sewer_entry_drain, basic_altar, uniq_maggie
D:7:      layout_loops_ring, kennysheep_mini_moat, elyvilon_altar_3, basic_altar
D:8:      layout_gridville, lair_entry_dummy, hangedman_decor_opposing,
          nicolae_xom_altar_mimics
D:9:      layout_basic, serial_shops, shop
D:10:     layout_irregular_city, lemuel_statue_altar
D:11:     layout_big_octagon, minmay_misc_feat_tiny,
          fedhas_bush_and_centaur_altar
D:14:     layout_loops_corners, erik_vaults_2, minmay_misc_feat_encased,
          enter_bailey_2, nicolae_ashenzari_panopticon, uniq_roxanne
Temple:   oiseaux_autumnal_temple

Skill      XL: |  1  2  3  4  5  6  7  8  9 10 11 |
---------------+----------------------------------+-----
Axes           | 3 4 6 8 9 12 14 15 17 | 17.0
Fighting       | 4 5 6 7 8 10 11 12 | 12.1
Invocations    | 2 6 8 |  8.2
Armour         | |  3.2
Shields        | |  3.2

Action                   |  1- 3 |  4- 6 |  7- 9 | 10-12 || total
-------------------------+-------+-------+-------+-------++-------
Melee: War axe           |   105 |    70 |   106 |       ||   281
       Battleaxe         |       |       |   104 |   241 ||   345
  Use: Scroll            |     2 |     4 |     9 |     4 ||    19
       Potion            |     1 |     1 |       |     2 ||     4
Armor: Scale mail        |    50 |    25 |   113 |   109 ||   297
Dodge: Dodged            |    27 |    18 |    99 |   106 ||   250
Block: Kite shield       |    50 |    32 |    41 |       ||   123
       Other             |       |       |     2 |    21 ||    23

Table legend: (Time is in decaauts)
 A = Elapsed time spent in this place.
 B = Non-inter-level travel time spent in this place.
 C = Inter-level travel time spent in this place.
 D = Time resting spent in this place.
 E = Time spent auto-exploring this place.
 F = Levels seen in this place.
 G = Mean time per level.
                   A        B        C        D        E       F      G
               +--------+--------+--------+--------+--------+-----+--------+
         Total |  13537 |  13181 |    356 |   1679 |  10137 |  13 | 1041.3 |
       Dungeon |  13289 |  12957 |    332 |   1679 |   9924 |  12 | 1107.4 |
        Temple |    247 |    223 |     24 |      0 |    212 |   1 |  247.0 |
               +--------+--------+--------+--------+--------+-----+--------+

Top non-repeatable levels by time:
     D:6: 1708 daAuts
    D:10: 1461 daAuts
     D:4: 1412 daAuts
     D:7: 1380 daAuts
     D:9: 1376 daAuts
     D:8: 1213 daAuts
     D:5: 1151 daAuts
     D:1: 1045 daAuts
     D:3: 961 daAuts
     D:2: 903 daAuts
    D:14: 478 daAuts
  Temple: 247 daAuts
    D:11: 196 daAuts
